Arizona Coyotes vs Toronto Maple Leafs
Created - Friday, November 22, 2024 at 09:03
Goals
|
| Arizona Coyotes |
0 |
1 |
1 |
2 |
| Toronto Maple Leafs |
3 |
0 |
1 |
4 |
|
Shots
|
| Arizona Coyotes |
13 |
14 |
10 |
37 |
| Toronto Maple Leafs |
15 |
6 |
10 |
31 |
|
1st period
1. Toronto Maple Leafs , Nino Niederreiter 17 (Nick Bjugstad 23) at 6:13
2. Toronto Maple Leafs , Scott Laughton 15 (Aaron Ekblad 18, Nicolas Roy 18) at 7:54 (SH)
3. Toronto Maple Leafs , Wyatt Johnston 29 (Troy Terry 41, Quinton Byfield 32) at 17:15
Penalties :
Brady Tkachuk (TOR) for Slashing (Minor) at 7:34, Brady Tkachuk (TOR) for Roughing (Minor) at 13:03, Aaron Ekblad (TOR) for Tripping (Minor) at 18:02
2nd period
4. Arizona Coyotes , Mark Jankowski 10 (Ondrej Palat 14, Johnathan Kovacevic 4) at 4:45
Penalties :
Dougie Hamilton (TOR) for Holding (Minor) at 2:29, Brady Tkachuk (TOR) for Tripping (Minor) at 9:27, Radko Gudas (AZC) for Slashing (Minor) at 10:04
3rd period
5. Arizona Coyotes , Jakob Silfverberg 8 (Mark Jankowski 9, Ondrej Palat 15) at 12:26
6. Toronto Maple Leafs , Tomas Hertl 20 (Nicolas Roy 19, Andrew Mangiapane 19) at 14:13
Penalties :
Mason McTavish (AZC) for Hooking (Minor) at 0:10, Brady Tkachuk (TOR) for Fighting (Major) at 6:15, Brayden McNabb (AZC) for Fighting (Major) at 6:15, Brady Tkachuk (TOR) for instigated a fight (Minor) at 6:15, Brady Tkachuk (TOR) for instigated a fight (10 Minutes Misconduct) at 6:15, Aaron Ekblad (TOR) for Holding (Minor) at 10:08, Aaron Ekblad (TOR) for Unsportsmanlike conduct (Minor) at 14:55
Goalie Stats
Carter Hart (AZC), 22 saves from 24 shots - (0.917), L, 5-7-0, 52:06 minutes
Petr Mrazek (AZC), 5 saves from 7 shots - (0.714), 7:54 minutes
Cam Talbot (TOR), 35 saves from 37 shots - (0.946), W, 30-17-6, 60:00 minutes
Players Stats for Arizona Coyotes
Player Name G A P +/- PIM S H SB GA TA FO MP PP MP PK MP
------------------------------------------------------------------------------------
Brandon Tanev 0 0 0 -1 0 1 1 0 0 0 0/0 16:44 7:11 0:07
Brayden McNabb 0 0 0 -1 5 0 3 3 0 1 0/0 21:08 4:43 1:11
Charlie Coyle 0 0 0 -1 0 2 1 4 1 0 15/35 21:13 7:19 1:10
Erik Haula 0 0 0 -1 0 6 2 1 1 0 10/15 18:48 6:45 0:00
Jakob Silfverberg 1 0 1 1 0 4 0 2 1 0 1/1 7:56 0:00 0:51
Jani Hakanpaa 0 0 0 -3 0 0 3 2 0 2 0/0 27:33 8:15 1:25
Jared Spurgeon 0 0 0 -3 0 3 2 0 1 1 0/0 27:33 8:15 1:25
Johnathan Kovacevic 0 1 1 2 0 0 1 0 0 1 0/0 9:19 0:00 0:00
Mark Jankowski 1 1 2 1 0 1 0 0 0 0 1/3 7:03 0:00 0:00
Mason McTavish 0 0 0 0 2 1 1 0 1 0 7/8 19:31 7:11 0:14
Mats Zuccarello 0 0 0 -1 0 2 1 2 2 0 2/3 21:16 7:19 1:10
Matt Dumba 0 0 0 2 0 2 0 4 0 0 0/0 12:17 1:32 0:19
Ondrej Palat 0 2 2 1 0 2 0 1 1 0 0/0 7:03 0:00 0:00
Radko Gudas 0 0 0 -1 2 0 2 4 0 0 0/0 22:11 6:14 0:52
Ross Colton 0 0 0 -1 0 3 0 0 1 1 5/10 11:01 0:35 0:00
Ryan Donato 0 0 0 -1 0 4 0 0 1 0 0/1 10:49 0:13 0:30
Tyler Seguin 0 0 0 -2 0 5 0 1 0 0 0/0 21:55 6:57 1:10
Zach Parise 0 0 0 -1 0 1 0 1 0 0 0/0 12:39 0:00 0:00
Players Stats for Toronto Maple Leafs
Player Name G A P +/- PIM S H SB GA TA FO MP PP MP PK MP
------------------------------------------------------------------------------------
Aaron Ekblad 0 1 1 1 6 1 3 2 0 0 0/0 20:59 1:47 3:57
Andrew Mangiapane 0 1 1 -1 0 2 0 1 0 0 0/1 19:37 0:00 7:24
Brady Tkachuk 0 0 0 0 23 0 0 0 0 0 0/0 11:01 1:19 0:03
Brandon Saad 0 0 0 0 0 3 0 0 0 0 0/1 6:58 1:17 0:17
Cody Ceci 0 0 0 -1 0 3 0 0 1 1 0/0 22:14 0:00 7:03
Dougie Hamilton 0 0 0 0 2 0 1 0 0 0 0/0 15:06 1:10 1:02
Mario Ferraro 0 0 0 1 0 1 0 2 0 1 0/0 20:27 0:00 7:04
Nick Bjugstad 0 1 1 0 0 3 4 1 0 2 11/22 19:14 0:00 7:20
Nicolas Roy 0 2 2 2 0 0 1 1 0 1 1/2 19:28 0:00 6:46
Nino Niederreiter 1 0 1 1 0 2 0 1 0 1 0/0 10:58 0:00 0:00
Quinton Byfield 0 1 1 1 0 0 1 0 1 0 0/0 13:19 1:17 0:00
Ryan Pulock 0 0 0 0 0 0 2 0 0 1 0/0 25:22 1:26 7:03
Sam Bennett 0 0 0 0 0 3 0 1 0 0 0/0 4:29 0:00 0:00
Scott Laughton 1 0 1 2 0 5 5 3 0 2 5/10 15:41 0:02 6:46
Sean Walker 0 0 0 1 0 0 1 0 0 1 0/0 17:03 0:49 2:51
Tomas Hertl 1 0 1 1 0 4 0 1 1 0 12/22 13:01 1:17 0:00
Troy Terry 0 1 1 1 0 2 0 1 2 0 0/0 14:09 1:17 0:00
Wyatt Johnston 1 0 1 0 0 2 1 0 1 0 6/18 14:54 1:19 0:24
3 Stars
1 - Scott Laughton (TOR)
2 - Cam Talbot (TOR)
3 - Nicolas Roy (TOR)
Power Play
Arizona Coyotes - 0 on 8 Attempt(s) - 0.00%
Toronto Maple Leafs - 0 on 2 Attempt(s) - 0.00%
Penalty Kill
Arizona Coyotes - 2 on 2 Attempt(s) - 100.00%
- Score 0 goal in Penalty Kill
Toronto Maple Leafs - 8 on 8 Attempt(s) - 100.00%
- Score 1 goal in Penalty Kill
Team Stat
Arizona Coyotes - Hits : 17 - Faceoff Wins : 41 - Blocked Shots : 25 - Penalty Minutes : 9
Toronto Maple Leafs - Hits : 19 - Faceoff Wins : 35 - Blocked Shots : 14 - Penalty Minutes : 31
Official
Referees : Cody Beach and Francis Charron
Linesman : Libor Suchanek and Ben O'Quinn
Game Notes
Carter Hart enters game at 7:54 of 1st period
Brady Tkachuk beats up Brayden McNabb at 6:15 of 3rd period
Finance
Level 1 -- Attendance: 5677 (94.62%) -- Ticket Income $533,638
Level 2 -- Attendance: 4896 (97.92%) -- Ticket Income $264,384
Level 3 -- Attendance: 2923 (97.43%) -- Ticket Income $96,459
Level 4 -- Attendance: 4621 (92.42%) -- Ticket Income $97,041
Luxury Box -- Attendance: 977 (97.70%) -- Ticket Income $188,561
Game was played at the Air Canada Centre.
Total Attendance: 19094 (95.47%)
Total Ticket Income: $1,180,083
Other Income: $413,029
Total Income: $1,593,112
Arizona Coyotes
5 vs 5 Forward
Center Left Wing Right Wing Time % Phy DF OF
1 Charlie Coyle Mason McTavish Mats Zuccarello 35 1 2 2
2 Erik Haula Zach Parise Tyler Seguin 35 1 2 2
3 Ross Colton Brandon Tanev Ryan Donato 20 1 2 2
4 Mark Jankowski Jakob Silfverberg Ondrej Palat 10 1 2 2
5 vs 5 Defense
Defense Defense Time % Phy DF OF
1 Jared Spurgeon Jani Hakanpaa 40 1 2 2
2 Radko Gudas Brayden McNabb 35 1 2 2
3 Matt Dumba Johnathan Kovacevic 25 1 2 2
4 Jared Spurgeon Jani Hakanpaa 0 1 2 2
PowerPlay Forward
Center Left Wing Right Wing Time % Phy DF OF
1 Charlie Coyle Mats Zuccarello Tyler Seguin 50 1 2 2
2 Mason McTavish Erik Haula Brandon Tanev 50 1 2 2
PowerPlay Defense
Defense Defense Time % Phy DF OF
1 Jared Spurgeon Jani Hakanpaa 60 1 2 2
2 Radko Gudas Brayden McNabb 40 1 2 2
Penalty Kill 4 Players Forward
Center Wing Time % Phy DF OF
1 Charlie Coyle Tyler Seguin 50 1 3 1
2 Mats Zuccarello Mason McTavish 50 1 3 1
Penalty Kill 4 Players Defense
Defense Defense Time % Phy DF OF
1 Jared Spurgeon Jani Hakanpaa 50 1 3 1
2 Radko Gudas Brayden McNabb 50 1 3 1
Penalty Kill - 3 Players Forward
Forward Time % Phy DF OF
1 Charlie Coyle 50 1 3 1
2 Tyler Seguin 50 1 3 1
Penalty Kill - 3 Players Defense
Defense Defense Time % Phy DF OF
1 Jared Spurgeon Jani Hakanpaa 50 1 3 1
2 Radko Gudas Brayden McNabb 50 1 3 1
4 vs 4 Forward
Center Wing Time % Phy DF OF
1 Charlie Coyle Tyler Seguin 50 1 2 2
2 Mats Zuccarello Mason McTavish 50 1 2 2
4 vs 4 Defense
Defense Defense Time % Phy DF OF
1 Jared Spurgeon Jani Hakanpaa 50 1 3 1
2 Radko Gudas Brayden McNabb 50 1 3 1
Last Minutes Offensive
Center Left Wing Right Wing Defense Defense
Charlie Coyle Mats Zuccarello Tyler Seguin Jared Spurgeon Jani Hakanpaa
Last Minutes Defensive
Center Left Wing Right Wing Defense Defense
Charlie Coyle Mats Zuccarello Tyler Seguin Jared Spurgeon Jani Hakanpaa
Goaltenders
Starting : Petr Mrazek
Backup : Carter Hart
Extra Forwards
Normal : Ross Colton, Ryan Donato, Jakob Silfverberg - PP : Ross Colton, Ryan Donato - PK : Jakob Silfverberg
Extra Defensemen
Normal : Matt Dumba, Johnathan Kovacevic, Radko Gudas - PP : Matt Dumba - PK : Johnathan Kovacevic, Radko Gudas
Penalty Shots
Charlie Coyle, Tyler Seguin, Mats Zuccarello, Mason McTavish, Erik Haula
Scratches
Jayden Struble (Healthy), Anthony Deangelo (Healthy), Scott Reedy (Healthy), Elvis Merzlikins (Healthy)
Toronto Maple Leafs
5 vs 5 Forward
Center Left Wing Right Wing Time % Phy DF OF
1 Tomas Hertl Brady Tkachuk Nicolas Roy 30 1 2 2
2 Wyatt Johnston Quinton Byfield Troy Terry 30 1 2 2
3 Nick Bjugstad Nino Niederreiter Andrew Mangiapane 25 1 2 2
4 Scott Laughton Sam Bennett Brandon Saad 15 1 2 2
5 vs 5 Defense
Defense Defense Time % Phy DF OF
1 Aaron Ekblad Ryan Pulock 33 1 2 2
2 Mario Ferraro Cody Ceci 32 1 2 2
3 Sean Walker Dougie Hamilton 31 1 2 2
4 Mario Ferraro Cody Ceci 4 1 2 2
PowerPlay Forward
Center Left Wing Right Wing Time % Phy DF OF
1 Tomas Hertl Brady Tkachuk Troy Terry 50 1 2 2
2 Wyatt Johnston Quinton Byfield Brandon Saad 50 1 2 2
PowerPlay Defense
Defense Defense Time % Phy DF OF
1 Dougie Hamilton Aaron Ekblad 50 1 2 2
2 Ryan Pulock Sean Walker 50 1 2 2
Penalty Kill 4 Players Forward
Center Wing Time % Phy DF OF
1 Nick Bjugstad Andrew Mangiapane 50 1 2 2
2 Scott Laughton Nicolas Roy 50 1 2 2
Penalty Kill 4 Players Defense
Defense Defense Time % Phy DF OF
1 Aaron Ekblad Mario Ferraro 50 1 2 2
2 Cody Ceci Ryan Pulock 50 1 2 2
Penalty Kill - 3 Players Forward
Forward Time % Phy DF OF
1 Nick Bjugstad 50 1 2 2
2 Scott Laughton 50 1 2 2
Penalty Kill - 3 Players Defense
Defense Defense Time % Phy DF OF
1 Mario Ferraro Aaron Ekblad 50 1 2 2
2 Cody Ceci Ryan Pulock 50 1 2 2
4 vs 4 Forward
Center Wing Time % Phy DF OF
1 Scott Laughton Troy Terry 50 1 2 2
2 Wyatt Johnston Brady Tkachuk 50 1 2 2
4 vs 4 Defense
Defense Defense Time % Phy DF OF
1 Cody Ceci Mario Ferraro 50 1 2 2
2 Aaron Ekblad Ryan Pulock 50 1 2 2
Last Minutes Offensive
Center Left Wing Right Wing Defense Defense
Tomas Hertl Brady Tkachuk Nick Bjugstad Aaron Ekblad Dougie Hamilton
Last Minutes Defensive
Center Left Wing Right Wing Defense Defense
Tomas Hertl Scott Laughton Nick Bjugstad Aaron Ekblad Ryan Pulock
Goaltenders
Starting : Cam Talbot
Backup : Frederik Andersen
Extra Forwards
Normal : Scott Laughton, Brandon Saad, Andrew Mangiapane - PP : Andrew Mangiapane, Sam Bennett - PK : Andrew Mangiapane
Extra Defensemen
Normal : Sean Walker, Dougie Hamilton, Mario Ferraro - PP : Cody Ceci - PK : Sean Walker, Dougie Hamilton
Penalty Shots
Dougie Hamilton, Nick Bjugstad, Quinton Byfield, Troy Terry, Nicolas Roy
Scratches
Bowen Byram (Healthy), Kyle Okposo (Healthy), Warren Foegele (Healthy), Luke Schenn (Healthy), Pierre Engvall (Healthy)
% Time on Ice - Arizona Coyotes
Lines # - Real PCT - Wanted PCT - Time Play
Normal Forward
1 - 29% - 35% - 12:03
2 - 31% - 35% - 13:00
3 - 23% - 20% - 9:26
4 - 17% - 10% - 7:03
Normal Defense
1 - 41% - 40% - 17:11
2 - 36% - 35% - 15:02
3 - 22% - 25% - 9:19
4 - 0% - 0% - 0:00
PP Forward
1 - 50% - 50% - 7:19
2 - 50% - 50% - 7:11
PP Defense
1 - 57% - 60% - 8:15
2 - 43% - 40% - 6:15
PK Forward
1 - 45% - 50% - 1:10
2 - 55% - 50% - 1:26
PK Defense
1 - 54% - 50% - 1:25
2 - 46% - 50% - 1:11
PK3 Forward
1 - 0% - 50%
2 - 0% - 50%
PK3 Defense
1 - 0% - 50%
2 - 0% - 50%
44 Forward
1 - 50% - 50% - 0:41
2 - 50% - 50% - 0:41
44 Defense
1 - 51% - 50% - 0:42
2 - 49% - 50% - 0:40
Last Minute Offensive - 0:00
Last Minute Defensive - 0:00
Total
Forward - 60:00
Defense - 60:00
|
% Time on Ice - Toronto Maple Leafs
Lines # - Real PCT - Wanted PCT - Time Play
Normal Forward
1 - 31% - 30% - 12:59
2 - 32% - 30% - 13:06
3 - 26% - 25% - 10:58
4 - 11% - 15% - 4:29
Normal Defense
1 - 36% - 33% - 15:06
2 - 33% - 32% - 13:54
3 - 29% - 31% - 11:51
4 - 2% - 4% - 0:41
PP Forward
1 - 49% - 50% - 1:17
2 - 51% - 50% - 1:19
PP Defense
1 - 45% - 50% - 1:10
2 - 55% - 50% - 1:26
PK Forward
1 - 51% - 50% - 7:27
2 - 49% - 50% - 7:03
PK Defense
1 - 51% - 50% - 7:27
2 - 49% - 50% - 7:03
PK3 Forward
1 - 0% - 50%
2 - 0% - 50%
PK3 Defense
1 - 0% - 50%
2 - 0% - 50%
44 Forward
1 - 46% - 50% - 0:38
2 - 54% - 50% - 0:44
44 Defense
1 - 48% - 50% - 0:39
2 - 52% - 50% - 0:43
Last Minute Offensive - 0:00
Last Minute Defensive - 0:00
Total
Forward - 60:00
Defense - 60:00
|
Play-by-Play
1st period
0:01 of 1st period - Charlie Coyle wins face-off versus Tomas Hertl in neutral zone.
0:10 of 1st period - Snap shot by Mats Zuccarello.
0:10 of 1st period - Shot Misses the Net.
0:26 of 1st period - Ryan Pulock is hit by Jared Spurgeon and loses puck.
0:36 of 1st period - Off-side.
0:37 of 1st period - Nick Bjugstad wins face-off versus Ross Colton in neutral zone.
1:08 of 1st period - Wrist shot by Sam Bennett.
1:08 of 1st period - Stopped by Petr Mrazek with a rebound.
2:12 of 1st period - Off-side.
2:13 of 1st period - Charlie Coyle wins face-off versus Nick Bjugstad in neutral zone.
2:22 of 1st period - Slapshot by Mason McTavish.
2:22 of 1st period - Deflect By Nick Bjugstad.
2:22 of 1st period - Shot Hit the Post.
2:22 of 1st period - Puck is out of play.
2:23 of 1st period - Nick Bjugstad wins face-off versus Charlie Coyle in Toronto Maple Leafs zone.
2:30 of 1st period - Wrist shot by Nick Bjugstad.
2:30 of 1st period - Stopped by Petr Mrazek without a rebound.
2:31 of 1st period - Charlie Coyle wins face-off versus Tomas Hertl in Arizona Coyotes zone.
2:46 of 1st period - Backhand shot by Tomas Hertl.
2:46 of 1st period - Shot Misses the Net.
2:58 of 1st period - Mario Ferraro is hit by Jani Hakanpaa and loses puck.
3:11 of 1st period - Slapshot by Ryan Donato.
3:11 of 1st period - Stopped by Cam Talbot without a rebound.
3:12 of 1st period - Erik Haula wins face-off versus Scott Laughton in Toronto Maple Leafs zone.
3:37 of 1st period - Matt Dumba is hit by Aaron Ekblad.
3:47 of 1st period - Wrist shot by Troy Terry.
3:47 of 1st period - Shot Misses the Net.
4:19 of 1st period - Jakob Silfverberg is hit by Nick Bjugstad and loses puck.
4:50 of 1st period - Backhand shot by Erik Haula.
4:50 of 1st period - Stopped by Cam Talbot without a rebound.
4:51 of 1st period - Erik Haula wins face-off versus Wyatt Johnston in Toronto Maple Leafs zone.
4:59 of 1st period - Off-side.
5:00 of 1st period - Erik Haula wins face-off versus Wyatt Johnston in neutral zone.
5:04 of 1st period - Off-side.
5:05 of 1st period - Wyatt Johnston wins face-off versus Charlie Coyle in neutral zone.
5:14 of 1st period - Wrist shot by Wyatt Johnston.
5:14 of 1st period - Deflect By Troy Terry.
5:14 of 1st period - Stopped by Petr Mrazek with a rebound.
5:16 of 1st period - Backhand shot by Cody Ceci.
5:16 of 1st period - Shot Blocked by Matt Dumba.
5:20 of 1st period - Snap shot by Wyatt Johnston.
5:20 of 1st period - Shot Blocked by Matt Dumba.
5:30 of 1st period - Nicolas Roy is hit by Johnathan Kovacevic and loses puck.
5:37 of 1st period - Snap shot by Tyler Seguin.
5:37 of 1st period - Stopped by Cam Talbot with a rebound.
5:51 of 1st period - Jani Hakanpaa is hit by Scott Laughton and loses puck.
5:56 of 1st period - Wrist shot by Sam Bennett.
5:56 of 1st period - Stopped by Petr Mrazek with a rebound.
5:58 of 1st period - Snap shot by Brandon Saad.
5:58 of 1st period - Shot Misses the Net.
6:00 of 1st period - Slapshot by Aaron Ekblad.
6:00 of 1st period - Shot Misses the Net.
6:02 of 1st period - Snap shot by Sam Bennett.
6:02 of 1st period - Shot Misses the Net.
6:04 of 1st period - Wrist shot by Brandon Saad.
6:04 of 1st period - Stopped by Petr Mrazek with a rebound.
6:11 of 1st period - Icing by Erik Haula.
6:12 of 1st period - Nick Bjugstad wins face-off versus Ross Colton in Arizona Coyotes zone.
6:13 of 1st period - Snap shot by Nino Niederreiter.
6:13 of 1st period - Goal by Nino Niederreiter - Arizona Coyotes : 0 - Toronto Maple Leafs : 1.
6:14 of 1st period - Charlie Coyle wins face-off versus Wyatt Johnston in neutral zone.
6:27 of 1st period - Slapshot by Wyatt Johnston.
6:27 of 1st period - Shot Misses the Net.
6:29 of 1st period - Slapshot by Sean Walker.
6:29 of 1st period - Shot Misses the Net.
6:52 of 1st period - Ross Colton is hit by Nick Bjugstad and loses puck.
7:03 of 1st period - Johnathan Kovacevic is hit by Ryan Pulock and loses puck.
7:12 of 1st period - Snap shot by Ryan Donato.
7:12 of 1st period - Stopped by Cam Talbot without a rebound.
7:13 of 1st period - Tomas Hertl wins face-off versus Charlie Coyle in Toronto Maple Leafs zone.
7:13 of 1st period - Tomas Hertl is hit by Mason McTavish.
7:21 of 1st period - Slapshot by Charlie Coyle.
7:21 of 1st period - Stopped by Cam Talbot without a rebound.
7:22 of 1st period - Tomas Hertl wins face-off versus Charlie Coyle in Toronto Maple Leafs zone.
7:29 of 1st period - Snap shot by Charlie Coyle.
7:29 of 1st period - Stopped by Cam Talbot with a rebound.
7:34 of 1st period - Minor Penalty to Brady Tkachuk for Slashing.
7:35 of 1st period - Charlie Coyle wins face-off versus Nick Bjugstad in Toronto Maple Leafs zone.
7:54 of 1st period - Slapshot by Aaron Ekblad.
7:54 of 1st period - Deflect By Scott Laughton.
7:54 of 1st period - Goal by Scott Laughton - Arizona Coyotes : 0 - Toronto Maple Leafs : 2.
7:54 of 1st period - Carter Hart enters game.
7:55 of 1st period - Mason McTavish wins face-off versus Nick Bjugstad in neutral zone.
9:24 of 1st period - Snap shot by Mason McTavish.
9:24 of 1st period - Shot Blocked by Andrew Mangiapane.
9:34 of 1st period - Penalty to Brady Tkachuk is over, Brady Tkachuk is back on ice.
9:46 of 1st period - Ryan Pulock is hit by Radko Gudas and loses puck.
9:53 of 1st period - Snap shot by Brady Tkachuk.
9:53 of 1st period - Shot Misses the Net.
9:55 of 1st period - Slapshot by Cody Ceci.
9:55 of 1st period - Shot Blocked by Radko Gudas.
9:57 of 1st period - Slapshot by Ryan Pulock.
9:57 of 1st period - Shot Blocked by Radko Gudas.
9:59 of 1st period - Slapshot by Ryan Pulock.
9:59 of 1st period - Shot Misses the Net.
10:01 of 1st period - Snap shot by Brady Tkachuk.
10:01 of 1st period - Shot Blocked by Radko Gudas.
10:03 of 1st period - Slapshot by Cody Ceci.
10:03 of 1st period - Stopped by Carter Hart with a rebound.
10:05 of 1st period - Slapshot by Scott Laughton.
10:05 of 1st period - Shot Blocked by Radko Gudas.
10:07 of 1st period - Snap shot by Brady Tkachuk.
10:07 of 1st period - Shot Blocked by Brayden McNabb.
10:11 of 1st period - Wrist shot by Nicolas Roy.
10:11 of 1st period - Shot Misses the Net.
10:13 of 1st period - Wrist shot by Scott Laughton.
10:13 of 1st period - Shot Blocked by Ondrej Palat.
10:27 of 1st period - Slapshot by Scott Laughton.
10:27 of 1st period - Stopped by Carter Hart with a rebound.
10:29 of 1st period - Slapshot by Cody Ceci.
10:29 of 1st period - Shot Blocked by Jakob Silfverberg.
10:31 of 1st period - Wrist shot by Scott Laughton.
10:31 of 1st period - Stopped by Carter Hart without a rebound.
10:32 of 1st period - Ross Colton wins face-off versus Andrew Mangiapane in Arizona Coyotes zone.
10:37 of 1st period - Snap shot by Ross Colton.
10:37 of 1st period - Stopped by Cam Talbot with a rebound.
10:39 of 1st period - Slapshot by Matt Dumba.
10:39 of 1st period - Stopped by Cam Talbot with a rebound.
10:41 of 1st period - Wrist shot by Ross Colton.
10:41 of 1st period - Deflect By Tyler Seguin.
10:41 of 1st period - Shot Misses the Net.
10:41 of 1st period - Puck is out of play.
10:42 of 1st period - Ross Colton wins face-off versus Nick Bjugstad in Toronto Maple Leafs zone.
10:45 of 1st period - Wrist shot by Ross Colton.
10:45 of 1st period - Deflect By Tyler Seguin.
10:45 of 1st period - Stopped by Cam Talbot without a rebound.
10:46 of 1st period - Nick Bjugstad wins face-off versus Erik Haula in Toronto Maple Leafs zone.
11:29 of 1st period - Jared Spurgeon is hit by Aaron Ekblad and loses puck.
12:10 of 1st period - Snap shot by Erik Haula.
12:10 of 1st period - Stopped by Cam Talbot without a rebound.
12:11 of 1st period - Nick Bjugstad wins face-off versus Erik Haula in Toronto Maple Leafs zone.
12:30 of 1st period - Snap shot by Erik Haula.
12:30 of 1st period - Stopped by Cam Talbot without a rebound.
12:31 of 1st period - Charlie Coyle wins face-off versus Tomas Hertl in Toronto Maple Leafs zone.
12:41 of 1st period - Icing by Cody Ceci.
12:42 of 1st period - Tomas Hertl wins face-off versus Charlie Coyle in Toronto Maple Leafs zone.
13:03 of 1st period - Minor Penalty to Brady Tkachuk for Roughing.
13:04 of 1st period - Nick Bjugstad wins face-off versus Charlie Coyle in Toronto Maple Leafs zone.
14:24 of 1st period - Backhand shot by Charlie Coyle.
14:24 of 1st period - Shot Misses the Net.
14:26 of 1st period - Slapshot by Radko Gudas.
14:26 of 1st period - Shot Blocked by Aaron Ekblad.
14:53 of 1st period - Wyatt Johnston is hit by Brayden McNabb and loses puck.
15:03 of 1st period - Penalty to Brady Tkachuk is over, Brady Tkachuk is back on ice.
15:06 of 1st period - Wrist shot by Wyatt Johnston.
15:06 of 1st period - Shot Blocked by Charlie Coyle.
15:08 of 1st period - Slapshot by Wyatt Johnston.
15:08 of 1st period - Deflect By Brady Tkachuk.
15:08 of 1st period - Shot Blocked by Charlie Coyle.
15:08 of 1st period - Puck is out of play.
15:09 of 1st period - Jakob Silfverberg wins face-off versus Wyatt Johnston in Arizona Coyotes zone.
15:14 of 1st period - Slapshot by Jared Spurgeon.
15:14 of 1st period - Deflect By Mark Jankowski.
15:14 of 1st period - Shot Misses the Net.
15:14 of 1st period - Puck is out of play.
15:15 of 1st period - Wyatt Johnston wins face-off versus Mark Jankowski in Toronto Maple Leafs zone.
15:26 of 1st period - Wrist shot by Troy Terry.
15:26 of 1st period - Shot Blocked by Jakob Silfverberg.
15:28 of 1st period - Slapshot by Dougie Hamilton.
15:28 of 1st period - Shot Blocked by Jani Hakanpaa.
15:30 of 1st period - Wrist shot by Quinton Byfield.
15:30 of 1st period - Shot Misses the Net.
15:40 of 1st period - Backhand shot by Scott Laughton.
15:40 of 1st period - Stopped by Carter Hart with a rebound.
15:42 of 1st period - Slapshot by Brandon Saad.
15:42 of 1st period - Stopped by Carter Hart without a rebound.
15:43 of 1st period - Scott Laughton wins face-off versus Erik Haula in Arizona Coyotes zone.
15:44 of 1st period - Wrist shot by Sam Bennett.
15:44 of 1st period - Stopped by Carter Hart without a rebound.
15:45 of 1st period - Erik Haula wins face-off versus Brandon Saad in Arizona Coyotes zone.
15:45 of 1st period - Erik Haula is hit by Scott Laughton.
15:51 of 1st period - Wrist shot by Erik Haula.
15:51 of 1st period - Shot Blocked by Aaron Ekblad.
16:29 of 1st period - Snap shot by Scott Laughton.
16:29 of 1st period - Shot Blocked by Matt Dumba.
16:31 of 1st period - Snap shot by Brandon Saad.
16:31 of 1st period - Stopped by Carter Hart without a rebound.
16:32 of 1st period - Charlie Coyle wins face-off versus Tomas Hertl in Arizona Coyotes zone.
17:03 of 1st period - Wrist shot by Ondrej Palat.
17:03 of 1st period - Deflect By Jakob Silfverberg.
17:03 of 1st period - Stopped by Cam Talbot without a rebound.
17:04 of 1st period - Wyatt Johnston wins face-off versus Mark Jankowski in Toronto Maple Leafs zone.
17:15 of 1st period - Wrist shot by Wyatt Johnston.
17:15 of 1st period - Goal by Wyatt Johnston - Arizona Coyotes : 0 - Toronto Maple Leafs : 3.
17:16 of 1st period - Mason McTavish wins face-off versus Tomas Hertl in neutral zone.
17:43 of 1st period - Aaron Ekblad is hit by Brayden McNabb and loses puck.
17:54 of 1st period - Wrist shot by Tyler Seguin.
17:54 of 1st period - Shot Misses the Net.
17:56 of 1st period - Snap shot by Zach Parise.
17:56 of 1st period - Stopped by Cam Talbot with a rebound.
18:02 of 1st period - Minor Penalty to Aaron Ekblad for Tripping.
18:03 of 1st period - Nick Bjugstad wins face-off versus Charlie Coyle in Toronto Maple Leafs zone.
18:12 of 1st period - Slapshot by Mats Zuccarello.
18:12 of 1st period - Shot Blocked by Scott Laughton.
18:14 of 1st period - Slapshot by Jani Hakanpaa.
18:14 of 1st period - Shot Blocked by Nicolas Roy.
18:16 of 1st period - Slapshot by Jani Hakanpaa.
18:16 of 1st period - Shot Blocked by Scott Laughton.
18:34 of 1st period - Mario Ferraro is hit by Jared Spurgeon and loses puck.
19:17 of 1st period - Mario Ferraro is hit by Erik Haula and loses puck.
19:47 of 1st period - Icing by Jani Hakanpaa.
19:48 of 1st period - Mason McTavish wins face-off versus Nick Bjugstad in Arizona Coyotes zone.
Goals for this period are 0 for Arizona Coyotes vs 3 for Toronto Maple Leafs.
Shots for this period are 13 for Arizona Coyotes vs 15 for Toronto Maple Leafs.
2nd period
0:01 of 2nd period - Nick Bjugstad wins face-off versus Charlie Coyle in neutral zone.
0:02 of 2nd period - Penalty to Aaron Ekblad is over, Aaron Ekblad is back on ice.
0:09 of 2nd period - Slapshot by Nick Bjugstad.
0:09 of 2nd period - Shot Blocked by Charlie Coyle.
0:28 of 2nd period - Off-side.
0:29 of 2nd period - Tomas Hertl wins face-off versus Ryan Donato in neutral zone.
0:54 of 2nd period - Zach Parise is hit by Sean Walker and loses puck.
1:00 of 2nd period - Off-side.
1:01 of 2nd period - Wyatt Johnston wins face-off versus Charlie Coyle in neutral zone.
1:06 of 2nd period - Snap shot by Wyatt Johnston.
1:06 of 2nd period - Shot Misses the Net.
1:26 of 2nd period - Tomas Hertl is hit by Erik Haula and loses puck.
1:33 of 2nd period - Slapshot by Tyler Seguin.
1:33 of 2nd period - Stopped by Cam Talbot with a rebound.
1:56 of 2nd period - Snap shot by Ondrej Palat.
1:56 of 2nd period - Stopped by Cam Talbot with a rebound.
1:58 of 2nd period - Snap shot by Mark Jankowski.
1:58 of 2nd period - Shot Blocked by Nick Bjugstad.
2:29 of 2nd period - Minor Penalty to Dougie Hamilton for Holding.
2:30 of 2nd period - Charlie Coyle wins face-off versus Nick Bjugstad in Toronto Maple Leafs zone.
2:43 of 2nd period - Snap shot by Charlie Coyle.
2:43 of 2nd period - Shot Misses the Net.
2:45 of 2nd period - Snap shot by Tyler Seguin.
2:45 of 2nd period - Shot Misses the Net.
3:01 of 2nd period - Snap shot by Mason McTavish.
3:01 of 2nd period - Stopped by Cam Talbot with a rebound.
3:07 of 2nd period - Mason McTavish is hit by Scott Laughton and loses puck.
4:29 of 2nd period - Penalty to Dougie Hamilton is over, Dougie Hamilton is back on ice.
4:45 of 2nd period - Wrist shot by Mark Jankowski.
4:45 of 2nd period - Goal by Mark Jankowski - Arizona Coyotes : 1 - Toronto Maple Leafs : 3.
4:46 of 2nd period - Ross Colton wins face-off versus Wyatt Johnston in neutral zone.
5:32 of 2nd period - Mats Zuccarello is hit by Nick Bjugstad and loses puck.
5:39 of 2nd period - Snap shot by Nick Bjugstad.
5:39 of 2nd period - Shot Misses the Net.
5:41 of 2nd period - Backhand shot by Andrew Mangiapane.
5:41 of 2nd period - Shot Misses the Net.
5:43 of 2nd period - Backhand shot by Nick Bjugstad.
5:43 of 2nd period - Stopped by Carter Hart with a rebound.
6:01 of 2nd period - Snap shot by Jakob Silfverberg.
6:01 of 2nd period - Shot Misses the Net.
6:03 of 2nd period - Snap shot by Ondrej Palat.
6:03 of 2nd period - Shot Blocked by Sam Bennett.
7:02 of 2nd period - Snap shot by Andrew Mangiapane.
7:02 of 2nd period - Stopped by Carter Hart without a rebound.
7:03 of 2nd period - Erik Haula wins face-off versus Wyatt Johnston in Arizona Coyotes zone.
7:54 of 2nd period - Off-side.
7:55 of 2nd period - Charlie Coyle wins face-off versus Tomas Hertl in neutral zone.
8:20 of 2nd period - Snap shot by Tomas Hertl.
8:20 of 2nd period - Stopped by Carter Hart without a rebound.
8:21 of 2nd period - Erik Haula wins face-off versus Nick Bjugstad in Arizona Coyotes zone.
8:32 of 2nd period - Slapshot by Jared Spurgeon.
8:32 of 2nd period - Stopped by Cam Talbot with a rebound.
9:16 of 2nd period - Snap shot by Charlie Coyle.
9:16 of 2nd period - Deflect By Mats Zuccarello.
9:16 of 2nd period - Stopped by Cam Talbot without a rebound.
9:17 of 2nd period - Tomas Hertl wins face-off versus Erik Haula in Toronto Maple Leafs zone.
9:27 of 2nd period - Minor Penalty to Brady Tkachuk for Tripping.
9:28 of 2nd period - Charlie Coyle wins face-off versus Nick Bjugstad in Toronto Maple Leafs zone.
10:01 of 2nd period - Snap shot by Nick Bjugstad.
10:01 of 2nd period - Stopped by Carter Hart without a rebound.
10:02 of 2nd period - Mason McTavish wins face-off versus Scott Laughton in Arizona Coyotes zone.
10:04 of 2nd period - Minor Penalty to Radko Gudas for Slashing.
10:05 of 2nd period - Scott Laughton wins face-off versus Charlie Coyle in Arizona Coyotes zone.
10:42 of 2nd period - Aaron Ekblad is hit by Jani Hakanpaa and loses puck.
10:52 of 2nd period - Off-side.
10:53 of 2nd period - Scott Laughton wins face-off versus Charlie Coyle in neutral zone.
10:58 of 2nd period - Slapshot by Cody Ceci.
10:58 of 2nd period - Shot Blocked by Matt Dumba.
11:00 of 2nd period - Slapshot by Cody Ceci.
11:00 of 2nd period - Stopped by Carter Hart with a rebound.
11:05 of 2nd period - Off-side.
11:06 of 2nd period - Mats Zuccarello wins face-off versus Wyatt Johnston in neutral zone.
11:11 of 2nd period - Ryan Pulock is hit by Mats Zuccarello and loses puck.
11:27 of 2nd period - Penalty to Brady Tkachuk is over, Brady Tkachuk is back on ice.
12:04 of 2nd period - Penalty to Radko Gudas is over, Radko Gudas is back on ice.
12:18 of 2nd period - Wrist shot by Ryan Donato.
12:18 of 2nd period - Stopped by Cam Talbot with a rebound.
12:20 of 2nd period - Wrist shot by Ryan Donato.
12:20 of 2nd period - Shot Misses the Net.
12:22 of 2nd period - Snap shot by Jared Spurgeon.
12:22 of 2nd period - Shot Blocked by Mario Ferraro.
13:31 of 2nd period - Icing by Nick Bjugstad.
13:32 of 2nd period - Ross Colton wins face-off versus Nick Bjugstad in Toronto Maple Leafs zone.
13:59 of 2nd period - Snap shot by Troy Terry.
13:59 of 2nd period - Shot Misses the Net.
14:46 of 2nd period - Snap shot by Jakob Silfverberg.
14:46 of 2nd period - Stopped by Cam Talbot with a rebound.
14:48 of 2nd period - Wrist shot by Ondrej Palat.
14:48 of 2nd period - Stopped by Cam Talbot with a rebound.
14:50 of 2nd period - Snap shot by Mark Jankowski.
14:50 of 2nd period - Shot Hit the Post.
15:36 of 2nd period - Brady Tkachuk is hit by Brayden McNabb and loses puck.
15:51 of 2nd period - Snap shot by Troy Terry.
15:51 of 2nd period - Stopped by Carter Hart without a rebound.
15:52 of 2nd period - Erik Haula wins face-off versus Wyatt Johnston in Arizona Coyotes zone.
15:52 of 2nd period - Erik Haula is hit by Quinton Byfield.
16:31 of 2nd period - Off-side.
16:32 of 2nd period - Nicolas Roy wins face-off versus Charlie Coyle in neutral zone.
17:04 of 2nd period - Backhand shot by Ross Colton.
17:04 of 2nd period - Stopped by Cam Talbot with a rebound.
17:06 of 2nd period - Slapshot by Jani Hakanpaa.
17:06 of 2nd period - Deflect By Ryan Donato.
17:06 of 2nd period - Stopped by Cam Talbot without a rebound.
17:07 of 2nd period - Wyatt Johnston wins face-off versus Charlie Coyle in Toronto Maple Leafs zone.
17:37 of 2nd period - Slapshot by Erik Haula.
17:37 of 2nd period - Stopped by Cam Talbot with a rebound.
17:55 of 2nd period - Snap shot by Ross Colton.
17:55 of 2nd period - Stopped by Cam Talbot without a rebound.
17:56 of 2nd period - Ross Colton wins face-off versus Nick Bjugstad in Toronto Maple Leafs zone.
18:37 of 2nd period - Wrist shot by Brandon Tanev.
18:37 of 2nd period - Stopped by Cam Talbot with a rebound.
18:39 of 2nd period - Wrist shot by Ross Colton.
18:39 of 2nd period - Shot Blocked by Nino Niederreiter.
19:22 of 2nd period - Slapshot by Nino Niederreiter.
19:22 of 2nd period - Shot Misses the Net.
19:25 of 2nd period - Icing by Radko Gudas.
19:26 of 2nd period - Tomas Hertl wins face-off versus Ross Colton in Arizona Coyotes zone.
19:53 of 2nd period - Brandon Tanev is hit by Scott Laughton and loses puck.
Goals for this period are 1 for Arizona Coyotes vs 0 for Toronto Maple Leafs.
Shots for this period are 14 for Arizona Coyotes vs 6 for Toronto Maple Leafs.
3rd period
0:01 of 3rd period - Charlie Coyle wins face-off versus Wyatt Johnston in neutral zone.
0:10 of 3rd period - Minor Penalty to Mason McTavish for Hooking.
0:11 of 3rd period - Mats Zuccarello wins face-off versus Wyatt Johnston in Arizona Coyotes zone.
0:48 of 3rd period - Mats Zuccarello is hit by Aaron Ekblad and loses puck.
2:10 of 3rd period - Penalty to Mason McTavish is over, Mason McTavish is back on ice.
2:17 of 3rd period - Matt Dumba is hit by Ryan Pulock.
2:56 of 3rd period - Snap shot by Mats Zuccarello.
2:56 of 3rd period - Shot Blocked by Troy Terry.
2:58 of 3rd period - Slapshot by Matt Dumba.
2:58 of 3rd period - Shot Blocked by Scott Laughton.
3:24 of 3rd period - Ryan Donato is hit by Nicolas Roy and loses puck.
3:45 of 3rd period - Snap shot by Erik Haula.
3:45 of 3rd period - Deflect By Mason McTavish.
3:45 of 3rd period - Shot Misses the Net.
3:45 of 3rd period - Puck is out of play.
3:46 of 3rd period - Nick Bjugstad wins face-off versus Charlie Coyle in Toronto Maple Leafs zone.
4:14 of 3rd period - Icing by Troy Terry.
4:15 of 3rd period - Erik Haula wins face-off versus Wyatt Johnston in Toronto Maple Leafs zone.
4:22 of 3rd period - Snap shot by Tyler Seguin.
4:22 of 3rd period - Stopped by Cam Talbot with a rebound.
4:30 of 3rd period - Slapshot by Cody Ceci.
4:30 of 3rd period - Stopped by Carter Hart with a rebound.
4:32 of 3rd period - Wrist shot by Cody Ceci.
4:32 of 3rd period - Shot Blocked by Zach Parise.
4:42 of 3rd period - Snap shot by Erik Haula.
4:42 of 3rd period - Shot Blocked by Mario Ferraro.
5:32 of 3rd period - Snap shot by Quinton Byfield.
5:32 of 3rd period - Shot Blocked by Tyler Seguin.
5:34 of 3rd period - Slapshot by Mario Ferraro.
5:34 of 3rd period - Shot Misses the Net.
5:36 of 3rd period - Slapshot by Cody Ceci.
5:36 of 3rd period - Shot Blocked by Erik Haula.
5:42 of 3rd period - Backhand shot by Troy Terry.
5:42 of 3rd period - Shot Misses the Net.
5:44 of 3rd period - Slapshot by Mario Ferraro.
5:44 of 3rd period - Shot Misses the Net.
6:04 of 3rd period - Snap shot by Troy Terry.
6:04 of 3rd period - Shot Misses the Net.
6:06 of 3rd period - Snap shot by Quinton Byfield.
6:06 of 3rd period - Shot Misses the Net.
6:08 of 3rd period - Slapshot by Mario Ferraro.
6:08 of 3rd period - Shot Misses the Net.
6:10 of 3rd period - Snap shot by Mario Ferraro.
6:10 of 3rd period - Stopped by Carter Hart without a rebound.
6:11 of 3rd period - Tomas Hertl wins face-off versus Charlie Coyle in Arizona Coyotes zone.
6:15 of 3rd period - Brady Tkachuk beats up Brayden McNabb.
6:15 of 3rd period - Penalty to Brady Tkachuk for Fighting.
6:15 of 3rd period - Penalty to Brayden McNabb for Fighting.
6:15 of 3rd period - Penalty to Brady Tkachuk for instigated a fight.
6:15 of 3rd period - Penalty to Brady Tkachuk for instigated a fight.
6:16 of 3rd period - Mason McTavish wins face-off versus Scott Laughton in Arizona Coyotes zone.
6:23 of 3rd period - Mason McTavish is hit by Scott Laughton and loses puck.
6:28 of 3rd period - Snap shot by Scott Laughton.
6:28 of 3rd period - Stopped by Carter Hart without a rebound.
6:29 of 3rd period - Nick Bjugstad wins face-off versus Charlie Coyle in Arizona Coyotes zone.
6:36 of 3rd period - Backhand shot by Nick Bjugstad.
6:36 of 3rd period - Shot Misses the Net.
6:44 of 3rd period - Mats Zuccarello is hit by Nick Bjugstad and loses puck.
7:06 of 3rd period - Slapshot by Matt Dumba.
7:06 of 3rd period - Stopped by Cam Talbot without a rebound.
7:07 of 3rd period - Charlie Coyle wins face-off versus Scott Laughton in Toronto Maple Leafs zone.
7:28 of 3rd period - Aaron Ekblad is hit by Brandon Tanev and loses puck.
8:15 of 3rd period - Penalty to Brady Tkachuk is over, Brandon Saad is send on ice.
8:32 of 3rd period - Nicolas Roy is hit by Radko Gudas and loses puck.
9:04 of 3rd period - Icing by Troy Terry.
9:05 of 3rd period - Mark Jankowski wins face-off versus Nick Bjugstad in Toronto Maple Leafs zone.
9:20 of 3rd period - Wrist shot by Andrew Mangiapane.
9:20 of 3rd period - Stopped by Carter Hart with a rebound.
9:34 of 3rd period - Snap shot by Nino Niederreiter.
9:34 of 3rd period - Stopped by Carter Hart with a rebound.
9:40 of 3rd period - Jakob Silfverberg is hit by Dougie Hamilton.
9:44 of 3rd period - Slapshot by Ondrej Palat.
9:44 of 3rd period - Shot Misses the Net.
9:46 of 3rd period - Snap shot by Ondrej Palat.
9:46 of 3rd period - Shot Misses the Net.
9:48 of 3rd period - Slapshot by Jared Spurgeon.
9:48 of 3rd period - Stopped by Cam Talbot with a rebound.
9:50 of 3rd period - Slapshot by Jared Spurgeon.
9:50 of 3rd period - Deflect By Nino Niederreiter.
9:50 of 3rd period - Stopped by Cam Talbot with a rebound.
9:52 of 3rd period - Snap shot by Ondrej Palat.
9:52 of 3rd period - Shot Misses the Net.
9:54 of 3rd period - Snap shot by Jakob Silfverberg.
9:54 of 3rd period - Stopped by Cam Talbot without a rebound.
9:55 of 3rd period - Charlie Coyle wins face-off versus Tomas Hertl in Toronto Maple Leafs zone.
10:06 of 3rd period - Wrist shot by Mats Zuccarello.
10:06 of 3rd period - Shot Blocked by Tomas Hertl.
10:08 of 3rd period - Minor Penalty to Aaron Ekblad for Holding.
10:09 of 3rd period - Mason McTavish wins face-off versus Scott Laughton in Toronto Maple Leafs zone.
11:15 of 3rd period - Penalty to Brady Tkachuk is over, Brandon Saad is send on ice.
12:08 of 3rd period - Penalty to Aaron Ekblad is over, Aaron Ekblad is back on ice.
12:26 of 3rd period - Snap shot by Jakob Silfverberg.
12:26 of 3rd period - Goal by Jakob Silfverberg - Arizona Coyotes : 2 - Toronto Maple Leafs : 3.
12:27 of 3rd period - Tomas Hertl wins face-off versus Charlie Coyle in neutral zone.
12:32 of 3rd period - Wrist shot by Tomas Hertl.
12:32 of 3rd period - Stopped by Carter Hart with a rebound.
12:34 of 3rd period - Wrist shot by Tomas Hertl.
12:34 of 3rd period - Shot Misses the Net.
12:36 of 3rd period - Snap shot by Nicolas Roy.
12:36 of 3rd period - Shot Blocked by Brayden McNabb.
12:38 of 3rd period - Snap shot by Aaron Ekblad.
12:38 of 3rd period - Shot Blocked by Brayden McNabb.
12:40 of 3rd period - Slapshot by Ryan Pulock.
12:40 of 3rd period - Deflect By Nicolas Roy.
12:40 of 3rd period - Shot Blocked by Charlie Coyle.
12:40 of 3rd period - Puck is out of play.
12:41 of 3rd period - Erik Haula wins face-off versus Tomas Hertl in Arizona Coyotes zone.
12:46 of 3rd period - Snap shot by Zach Parise.
12:46 of 3rd period - Deflect By Erik Haula.
12:46 of 3rd period - Stopped by Cam Talbot without a rebound.
12:47 of 3rd period - Erik Haula wins face-off versus Tomas Hertl in Toronto Maple Leafs zone.
12:50 of 3rd period - Wrist shot by Erik Haula.
12:50 of 3rd period - Stopped by Cam Talbot without a rebound.
12:51 of 3rd period - Tomas Hertl wins face-off versus Erik Haula in Toronto Maple Leafs zone.
13:16 of 3rd period - Snap shot by Tyler Seguin.
13:16 of 3rd period - Stopped by Cam Talbot without a rebound.
13:17 of 3rd period - Wyatt Johnston wins face-off versus Mats Zuccarello in Toronto Maple Leafs zone.
13:26 of 3rd period - Snap shot by Sean Walker.
13:26 of 3rd period - Shot Blocked by Mats Zuccarello.
14:13 of 3rd period - Wrist shot by Tomas Hertl.
14:13 of 3rd period - Goal by Tomas Hertl - Arizona Coyotes : 2 - Toronto Maple Leafs : 4.
14:14 of 3rd period - Tomas Hertl wins face-off versus Charlie Coyle in neutral zone.
14:18 of 3rd period - Icing by Jared Spurgeon.
14:19 of 3rd period - Tomas Hertl wins face-off versus Charlie Coyle in Arizona Coyotes zone.
14:26 of 3rd period - Wrist shot by Nicolas Roy.
14:26 of 3rd period - Shot Blocked by Jani Hakanpaa.
14:28 of 3rd period - Wrist shot by Tomas Hertl.
14:28 of 3rd period - Shot Misses the Net.
14:30 of 3rd period - Snap shot by Ryan Pulock.
14:30 of 3rd period - Shot Blocked by Mats Zuccarello.
14:32 of 3rd period - Snap shot by Tomas Hertl.
14:32 of 3rd period - Stopped by Carter Hart without a rebound.
14:33 of 3rd period - Mason McTavish wins face-off versus Wyatt Johnston in Arizona Coyotes zone.
14:33 of 3rd period - Mason McTavish is hit by Wyatt Johnston.
14:55 of 3rd period - Minor Penalty to Aaron Ekblad for Unsportsmanlike conduct.
14:56 of 3rd period - Scott Laughton wins face-off versus Mason McTavish in Toronto Maple Leafs zone.
15:23 of 3rd period - Icing by Mats Zuccarello.
15:24 of 3rd period - Charlie Coyle wins face-off versus Nicolas Roy in Arizona Coyotes zone.
16:47 of 3rd period - Nick Bjugstad is hit by Jani Hakanpaa and loses puck.
16:55 of 3rd period - Penalty to Aaron Ekblad is over, Aaron Ekblad is back on ice.
17:34 of 3rd period - Snap shot by Ryan Donato.
17:34 of 3rd period - Shot Misses the Net.
18:04 of 3rd period - Slapshot by Wyatt Johnston.
18:04 of 3rd period - Stopped by Carter Hart without a rebound.
18:05 of 3rd period - Tomas Hertl wins face-off versus Ross Colton in Arizona Coyotes zone.
18:29 of 3rd period - Ryan Pulock is hit by Charlie Coyle and loses puck.
18:52 of 3rd period - Slapshot by Aaron Ekblad.
18:52 of 3rd period - Stopped by Carter Hart with a rebound.
18:54 of 3rd period - Wrist shot by Scott Laughton.
18:54 of 3rd period - Shot Misses the Net.
19:01 of 3rd period - Icing by Radko Gudas.
19:02 of 3rd period - Charlie Coyle wins face-off versus Tomas Hertl in Arizona Coyotes zone.
19:26 of 3rd period - Icing by Charlie Coyle.
19:27 of 3rd period - Nick Bjugstad wins face-off versus Charlie Coyle in Arizona Coyotes zone.
19:36 of 3rd period - Wrist shot by Andrew Mangiapane.
19:36 of 3rd period - Shot Misses the Net.
19:53 of 3rd period - Slapshot by Mats Zuccarello.
19:53 of 3rd period - Stopped by Cam Talbot without a rebound.
19:54 of 3rd period - Scott Laughton wins face-off versus Ross Colton in Toronto Maple Leafs zone.
Goals for this period are 1 for Arizona Coyotes vs 1 for Toronto Maple Leafs.
Shots for this period are 10 for Arizona Coyotes vs 10 for Toronto Maple Leafs.
Back to the Top